 Dungeon Crawl Stone Soup version 0.31.0-1-g2c135a008e (webtiles) character file.

Game seed: 14460895288016876136

471 qw the Shooter (level 7, 0/52 HPs)
             Began as a Djinni Hunter on Jan 23, 2024.
             Slain by an elf zombie (1 damage)
             ... in an ossuary.
             The game lasted 00:00:17 (2742 turns).

qw the Shooter (Djinni Hunter)                      Turns: 2742, Time: 00:00:18

Health: 0/52       AC:  5    Str: 10    XL:     7   Next: 31%
Gold:   1185       EV: 16    Int: 11    God:
                   SH:  0    Dex: 18

rFire   + + .        a - +2 shortbow
rCold   x . .        (shield currently unavailable)
rNeg    . . .        i - +0 ring mail
rPois   inf          (no helmet)
rElec   .            (no cloak)
rCorr   .            (no gloves)
SInv    .            (boots unavailable)
Will    +....        e - amulet of faith
Stlth   +            n - +5 ring of evasion
HPRegen 0.28/turn    m - ring of willpower
MPRegen 0.00/turn

%: faith, infuse magic (-1 HP)
@: marked, flying
A: sickness immunity, fire resistance 2, cold vulnerability 1, float, innate
caster, HP casting, extra vitality 1
a: no special abilities


You were in an ossuary.
You visited 1 branch of the dungeon, and saw 4 of its levels.
You also visited: Ossuary.

You collected 1185 gold pieces.


Innate Abilities, Weirdness & Mutations

You are immune to sickness and miasma.
You are immune to poison.
Your flesh is very heat resistant. (rF++)
You are vulnerable to cold. (rC-)
You float through the air rather than walking.
You learn spells naturally, not from books.
Your magical power is your life essence.
You have superior vitality. (+4 MHP)


   Skills:
 - Level 4.0 Fighting
 + Level 5.8 Ranged Weapons
 - Level 1.0 Armour
 - Level 3.2 Dodging
 - Level 0.7 Stealth


You knew the following spells:

 Your Spells              Type           Power      Damage    Failure   Level
a - Slow                  Hex            0%         N/A       65%         1
b - Searing Ray           Conj           0%         2d4       80%         2
c - Stone Arrow           Conj/Erth      0%         3d7       95%         3
Your spell library was empty.

Inventory:

Hand Weapons
 a - a +2 shortbow (weapon)
Armour
 i - a +0 ring mail (worn)
Jewellery
 e - an amulet of faith (around neck)
 j - a ring of positive energy
 m - a ring of willpower (right hand)
 n - a +5 ring of evasion (left hand)
 Y - a ring of ice
Wands
 o - a wand of charming (4)
Potions
 f - a potion of haste
 g - a potion of curing
 l - a potion of enlightenment

Dungeon Overview and Level Annotations

Branches:
Dungeon (4/15)            Ossuary (1/1)
 Temple: D:4-7

Altars:
Dithmenos
Hepliaklqana
Uskayaw
Wu Jian


Message History

The arrow hits the adder zombie.
The adder zombie is almost destroyed.
The adder zombie barely misses you. The jackal zombie closely misses you.
The elf zombie hits you. The adder zombie misses you.
You shoot an arrow.
The arrow closely misses the elf zombie.
The arrow hits the adder zombie.
You destroy the adder zombie!
The jackal zombie misses you. The elf zombie hits you.
The jackal zombie bites you but does no damage.
The adder zombie closely misses you.
You shoot an arrow.
The arrow closely misses the elf zombie.
The arrow hits the jackal zombie.
The jackal zombie is severely damaged.
The jackal zombie bites you but does no damage.
The adder zombie bites you but does no damage.
The elf zombie hits you but does no damage.
The jackal zombie bites you. The adder zombie bites you.
You shoot an arrow. The arrow hits the elf zombie!
The elf zombie is moderately damaged.
The jackal zombie bites you but does no damage.
The elf zombie hits you.
The adder zombie bites you but does no damage.
You shoot an arrow. The arrow hits the elf zombie.
The elf zombie is moderately damaged.
The jackal zombie closely misses you. The adder zombie bites you.
The elf zombie closely misses you. The jackal zombie misses you.
You shoot an arrow. The arrow hits the elf zombie.
The elf zombie is heavily damaged.
The adder zombie completely misses you. The jackal zombie misses you.
The elf zombie hits you but does no damage.
The adder zombie barely misses you.
The jackal zombie bites you but does no damage.
You shoot an arrow.
The arrow closely misses the elf zombie.
The arrow hits the jackal zombie!
You destroy the jackal zombie!
The elf zombie hits you.
You die...

##################
......\\......Z..#
.................#
##############Z..#
#...# ...# ###...#
...#
......+####...#
#.\ZZ.Z@#...#
#...ZZZZ#...#
#...ZZZZ#...#
#.####....ZZZ#
#...........Z#
#.####..####.#
#..# #.# #..# ..#
#..# ##


You could see 4 adder zombies, a jackal zombie, 4 gnoll zombies, a kobold
zombie, 2 orc zombies, 2 elf zombies and a human zombie.

Vanquished Creatures
  An elf zombie (Ossuary)
  A scorpion (D:4)
  A bombardier beetle (D:3)
  A hound (D:3)
  A jelly (D:4)
  An orc priest (D:4)
  Jessica (D:3)
  4 hound zombies (Ossuary)
  2 mummies (Ossuary)
  2 adders (D:3)
  2 adder zombies (Ossuary)
  2 dart slugs
  A ribbon worm (D:2)
  3 orcs
  6 ball pythons
  4 bats
  5 endoplasms
  4 giant cockroaches
  A gnoll zombie (Ossuary)
  6 hobgoblins
  5 jackals
  8 kobolds
  4 quokkas
  2 frilled lizards
  4 goblins
  4 jackal zombies (Ossuary)
  3 kobold zombies (Ossuary)
  An orc zombie (Ossuary)
  4 rats
84 creatures vanquished.

Notes
Turn   | Place    | Note
-------+----------+-------------------------------------------
     0 | D:1      | qw the Djinni Hunter began the quest for the Orb.
     0 | D:1      | Reached XP level 1. HP: 18/18 MP: 0/0
     0 | D:1      | 0 ||| qw: Version: 0.3-a-135-gb77e89d
     0 | D:1      | 0 ||| qw: Game counter: 822
     0 | D:1      | 0 ||| qw: Melee chars always use a shield: true
     0 | D:1      | 0 ||| qw: God list: Okawaru
     0 | D:1      | 0 ||| qw: Allow faded altars: false
     0 | D:1      | 0 ||| qw: Do Orc after clearing Dungeon:15 true
     0 | D:1      | 0 ||| qw: Do second Lair branch before Depths: true
     0 | D:1      | 0 ||| qw: Lair rune preference: random
     0 | D:1      | 0 ||| qw: Goals: Normal
     0 | D:1      | 0 ||| PLANNING D:1-11
   124 | D:1      | Reached XP level 2. HP: 23/23 MP: 0/0
   511 | D:1      | Reached XP level 3. HP: 28/28 MP: 0/0
   511 | D:1      | Learned a level 1 spell: Slow
   537 | D:1      | Reached skill level 4 in Ranged Weapons
   609 | D:1      | 609 ||| UPGRADING to amulet of faith.
   614 | D:1      | 614 ||| UPGRADING to ring of willpower.
   615 | D:1      | 615 ||| UPGRADING to ring of positive energy.
   616 | D:1      | 616 ||| READING 2 scrolls labelled MYELOTHR XOYXKUT.
   621 | D:1      | 621 ||| READING scroll labelled PEAVOCUSABU.
   621 | D:1      | 621 ||| ENCHANTING +0 shortbow.
   622 | D:1      | 622 ||| READING 2 scrolls labelled RESINO YCEUSCH.
   623 | D:1      | 623 ||| READING scroll labelled FUECZO KAENI.
   623 | D:1      | Identified a scroll of acquirement
   623 | D:1      | 623 ||| ACQUIRING 1008 gold pieces
   623 | D:1      | Acquired 1008 gold pieces
   625 | D:1      | 625 ||| READING scroll labelled DIMPAG URCHO.
   726 | D:1      | 726 ||| READING scroll labelled ONUOSI NAED.
   726 | D:1      | 726 ||| IDENTIFYING scroll labelled JYMIBE COWAIMAUTHRA
   727 | D:1      | 727 ||| DROPPING scroll of butterflies.
   728 | D:1      | 728 ||| DROPPING scroll of fear.
   729 | D:1      | 729 ||| DROPPING scroll of revelation.
  1075 | D:2      | 1075 ||| READING scroll of enchant weapon.
  1075 | D:2      | 1075 ||| ENCHANTING +1 shortbow.
  1359 | D:2      | 1359 ||| UPGRADING to +0 ring mail.
  1369 | D:2      | 1369 ||| DROPPING +0 leather armour.
  1370 | D:2      | 1370 ||| READING scroll of identify.
  1370 | D:2      | 1370 ||| IDENTIFYING fuming ruby potion
  1371 | D:2      | 1371 ||| READING scroll labelled ACKOIMEQEI.
  1372 | D:2      | 1372 ||| DRINKING 2 cyan potions.
  1373 | D:2      | 1373 ||| DRINKING 2 golden potions.
  1374 | D:2      | 1374 ||| DROPPING potion of degeneration.
  1557 | D:3      | Reached skill level 1 in Armour
  1557 | D:3      | Reached XP level 4. HP: 26/34 MP: 0/0
  1601 | D:3      | Found an ornate altar of the Wu Jian Council.
  1632 | D:3      | Reached skill level 3 in Fighting
  1703 | D:3      | Found a hide-covered altar of Uskayaw.
  1706 | D:3      | Reached XP level 5. HP: 40/40 MP: 0/0
  1706 | D:3      | Learned a level 2 spell: Searing Ray
  1750 | D:3      | Found a faded altar of an unknown god.
  1951 | D:3      | Found a shadowy altar of Dithmenos.
  2006 | D:3      | Noticed Jessica
  2007 | D:3      | Found a hazy altar of Hepliaklqana.
  2009 | D:3      | Killed Jessica
  2011 | D:3      | Found a faded altar of an unknown god.
  2047 | D:3      | Reached skill level 5 in Ranged Weapons
  2278 | D:3      | 2278 ||| UPGRADING to ring of ice.
  2280 | D:3      | 2280 ||| UPGRADING to +5 ring of evasion.
  2282 | D:3      | 2282 ||| UPGRADING to ring of willpower.
  2284 | D:3      | 2284 ||| READING scroll of identify.
  2284 | D:3      | 2284 ||| IDENTIFYING black potion
  2285 | D:3      | 2285 ||| READING scroll labelled YLOT ENNALOYDAH.
  2286 | D:3      | 2286 ||| READING scroll labelled EPPIYKKIJYSM.
  2305 | D:4      | 2305 ||| PLANNING OSSUARY
  2308 | D:4      | Reached XP level 6. HP: 47/47 MP: 0/0
  2373 | D:4      | Reached skill level 3 in Dodging
  2510 | D:4      | Found a sand-covered staircase.
  2511 | D:4      | 2511 ||| READING scroll of identify.
  2511 | D:4      | 2511 ||| IDENTIFYING pink potion
  2512 | D:4      | 2512 ||| READING 2 scrolls labelled JONOMEU ICWI.
  2513 | D:4      | 2513 ||| DROPPING scroll of noise.
  2522 | Ossuary  | Entered an ossuary
  2554 | Ossuary  | HP: 10/47 [elf zombie (4)]
  2555 | Ossuary  | 2555 ||| READING scroll of teleportation.
  2556 | Ossuary  | 2556 ||| DRINKING potion of heal wounds.
  2618 | Ossuary  | Reached XP level 7. HP: 34/52 MP: 0/0
  2618 | Ossuary  | Learned a level 3 spell: Stone Arrow
  2683 | Ossuary  | 2683 ||| RETREEEEATING.
  2684 | Ossuary  | 2684 ||| RETREEEEATING.
  2685 | Ossuary  | 2685 ||| RETREEEEATING.
  2686 | Ossuary  | 2686 ||| RETREEEEATING.
  2687 | Ossuary  | 2687 ||| RETREEEEATING.
  2725 | Ossuary  | HP: 13/52 [hound zombie (3)]
  2735 | Ossuary  | HP: 10/52 [elf zombie (4)]
  2739 | Ossuary  | HP: 2/52 [elf zombie (3)]
  2742 | Ossuary  | Slain by an elf zombie

Levels and vault maps discovered:
D:1:      amcnicky_arrival_feature_with_door, layout_basic, corexii_corridor_pit
D:2:      layout_basic, grunt_decor_fettered
D:3:      layout_basic, beargit_hepliaklqana_dungeon_heroes,
          eat_drink_and_be_merry_uskayaw, lemuel_doored_altar,
          nicolae_wu_jian_wuxing_cycle, chequers_ecumenical_altar_island,
          chequers_serial_rivers_small_3
D:4:      layout_basic, mainiacjoe_ossuary_entry_dusty_tomb, uniq_blork_the_orc
Ossuary:  ossuary_tomb_1

Skill      XL: |  1  2  3  4  5  6 |
---------------+-------------------+-----
Ranged Weapons | 4 5 |  5.8
Armour         | 1 |  1.0
Fighting       | 3 4 |  4.0
Dodging        | 3 |  3.2
Stealth        | |  0.7

Action                     |  1- 3 |  4- 6 |  7- 9 || total
---------------------------+-------+-------+-------++-------
   Fire: Shortbow          |   141 |   119 |    62 ||   322
    Use: Scroll            |     9 |     6 |       ||    15
         Potion            |     2 |     1 |       ||     3
 Armour: Leather armour    |    27 |       |       ||    27
         Ring mail         |     9 |    41 |    87 ||   137
  Dodge: Dodged            |    48 |    59 |   160 ||   267

Table legend:
 A = Non-vault XP
 B = Vault XP
 C = Vault XP percentage of total XP
 D = Non-vault monster count
 E = Vault monster count
 F = Vault count percentage of total count
                 A         B        C        D         E       F
            +---------+---------+-------+---------+---------+-------
      Total |     404 |     271 |  40.1 |      65 |      19 |  22.6
            +---------+---------+-------+---------+---------+-------
        D:1 |      31 |       0 |   0.0 |      18 |       0 |   0.0
        D:2 |      31 |       0 |   0.0 |      18 |       0 |   0.0
        D:3 |     150 |      37 |  19.8 |      19 |       1 |   5.0
        D:4 |     192 |       0 |   0.0 |      10 |       0 |   0.0
    Ossuary |       0 |     234 | 100.0 |       0 |      18 | 100.0
            +---------+---------+-------+---------+---------+-------
